Unix NetHack Version 3.7.0-89 Work-in-progress - last build Sep 24 2023 19:26:52 (48e034876007844a536bf88644040a71d2893410,branch:master). Game began 2023-10-08 08:43:01, ended 2023-10-13 08:36:01. nazult, lawful female human Valkyrie ------- ----- ############....h.| ------ |.<.|######## |.....| |%..%| |....### ......| #[...[| |...|# -|-+-|- #|.)..| |...| @ # ##------ ----- . ##### ###### #d#### # ### ####### # # # ## # # #----.----.-# |.........|# |..........# |.........| ----------- Nazult the Skirmisher St:17 Dx:18 Co:14 In:7 Wi:10 Ch:10 Lawful S:1179 Dlvl:5 $:387 HP:0(29) Pw:14(14) AC:3 Xp:4/138 T:1878 Hungry Latest messages: You swap places with your little dog. Hmmm, the chest turns out to be locked. You are bare handed. a - a +1 spear (alternate weapon; not wielded). What do you want to wield? [- abp or ?*] * You have that readied. Wield it instead? [ynq] (q) y b - a +0 dagger (weapon in hand). There is a locked chest here; force its lock? [ynq] (q) y You force your dagger into a crack and pry. You succeed in forcing the lock. $ - 174 gold pieces (387 in total). e - a food ration. f - a dark brown spellbook. a - a +1 spear (weapon in hand). b - a +0 dagger (alternate weapon; not wielded). What do you want to read? [f or ?*] f You feel threatened. The spellbook crumbles to dust! Call a dark brown spellbook: x3 You can move again. The little dog picks up an orcish helm. You are beginning to feel hungry. You swap places with your little dog. You swap places with your little dog. You swap places with your little dog. What do you want to drink? [nst or ?*] n Magical energies course through your body. What do you want to drink? [st or ?*] t You stiffen momentarily. What do you want to drink? [s or ?*] d That is a silly thing to drink. What do you want to zap? [j or ?*] j A lit field surrounds you! What do you want to zap? [j or ?*] j A lit field surrounds you! What do you want to zap? [j or ?*] j A lit field surrounds you! What do you want to use or apply? [j or ?*] j Are you really sure you want to break your wand of light? [yn] (n) y Raising your wand of light high above your head, you break it in two! Boom! The blast reveals a secret door. The door remains intact. You are caught in the magical blast! It is fatal. Do you want your possessions identified? [ynq] (y) y Do you want to see your attributes? [ynq] (y) n Do you want an account of creatures vanquished? [ynaq] (y) n Do you want to see your conduct and achievements? [ynq] (y) n Do you want to see the dungeon overview? [ynq] (y) n Inventory: Coins $ - 387 gold pieces Weapons b - a +0 dagger (alternate weapon; not wielded) p - a +0 dagger a - a +1 spear (weapon in hand) Armor c - an uncursed +3 small shield (being worn) l - an uncursed +0 ring mail (being worn) Comestibles g - an uncursed slime mold q - an uncursed cram ration d - an uncursed food ration e - an uncursed food ration i - an uncursed fortune cookie r - an uncursed tripe ration Potions s - a blessed potion of gain energy Rings o - an uncursed ring of free action (on right hand) Nazult the Valkyrie's attributes: Background: You were a Skirmisher, a level 4 human Valkyrie. You were lawful, on a mission for Tyr who was opposed by Odin (neutral) and Loki (chaotic). You were in the Dungeons of Doom, on level 5. You entered the dungeon 1878 turns ago. There was a new moon in effect when your adventure ended. Bad things happened on Friday the 13th. You had 138 experience points, 22 more were needed to attain level 5. Your score was 1179 before end-of-game adjustments. Basics: You had 0 out of 29 hit points. You had all 14 energy points (spell power). Your armor class was 3. Your wallet contained 387 zorkmids. Autopickup was off. Final Characteristics: Your strength was 17 (limit:18/100). Your dexterity was 18 (limit:18). Your constitution was 14 (limit:18). Your intelligence was 7 (limit:18). Your wisdom was 10 (limit:18). Your charisma was 10 (limit:18). Final Status: You were hungry. You were unencumbered. You were wielding a spear. You had basic skill with spear. Final Attributes: You were devoutly aligned. You were cold resistant. You were stealthy. You were warded. You had free action. You were unlucky. You are dead. Miscellaneous: You never encountered a bones level. Total elapsed playing time was 47 minutes and 39 seconds. Major events: Turn 1: nazult the lawful human Valkyrie entered the dungeon 1357: attained the rank of Skirmisher (level 3) 1878: caught herself in her own magical blast Vanquished creatures: a gnome ruler a bugbear a shrieker a kitten 2 kobold leaders a kobold shaman 2 giant bats an orc zombie a hobbit 2 hobgoblins a cave spider 4 geckos a jackal 3 kobolds 2 goblins 3 grid bugs a lichen 3 newts 31 creatures vanquished. No species were genocided or became extinct. Voluntary challenges: You were vegetarian. You read items or engraved 2 times. You never engraved Elbereth. You never genocided any monsters. You never polymorphed an object. You never changed form. You used no wishes. Achievements: You entered a shop. You attained the rank of Skirmisher. The Dungeons of Doom: levels 1 to 5 Level 1: Level 2: A grave. Level 3: A general store, an altar, a sink. Level 4: Level 5: <- You were here. A throne. Final resting place for you, caught yourself in your own magical blast. Game over: ---------- / \ / REST \ / IN \ / PEACE \ / \ | nazult | | 387 Au | | caught herself | | in her own | | magical blast | | | | 2023 | *| * * * | * _________)/\\_//(\/(/\)/\//\/|_)_______ Farvel nazult the Valkyrie... You died in The Dungeons of Doom on dungeon level 5 with 1141 points, and 387 pieces of gold, after 1878 moves. You were level 4 with a maximum of 29 hit points when you died.